 Dungeon Crawl Stone Soup version 0.23.0 (webtiles) character file.

Game seed: 18312822224399058640

765 Arthanis the Firebug (level 7, -1/36 HPs)
             Began as a Deep Elf Fire Elementalist on Feb 12, 2019.
             Was an Initiate of Vehumet.
             Killed by divine providence
             ... invoked by an orc priest
              (8 damage)
             ... on level 5 of the Dungeon.
             The game lasted 00:09:39 (3079 turns).

Arthanis the Firebug (Deep Elf Fire Elementalist)   Turns: 3079, Time: 00:09:39

Health: -1/36      AC:  3    Str:  5    XL:     7   Next: 52%
Magic:  4/17       EV: 13    Int: 22    God:    Vehumet [......]
Gold:   187        SH:  0    Dex: 15    Spells: 4/17 levels left

rFire    . . .     SeeInvis .   i - +0 dagger
rCold    . . .     Gourm    .   (no shield)
rNeg     . . .     Faith    .   a - +0 robe
rPois    +         Spirit   .   (no helmet)
rElec    .         Reflect  .   w - +0 cloak
rCorr    .         Harm     .   (no gloves)
MR       .....                  (no boots)
Stlth    ++........             f - amulet of regeneration
HPRegen  0.52/turn              x - ring of poison resistance
MPRegen  0.15/turn              t - ring of wizardry

@: no status effects
A: no striking features
a: Renounce Religion


You were on level 5 of the Dungeon.
You worshipped Vehumet.
Vehumet was noncommittal.
You were not hungry.

You visited 2 branches of the dungeon, and saw 6 of its levels.

You collected 187 gold pieces.

Inventory:

Hand Weapons
 i - a +0 dagger (weapon)
 l - a +1 flail of crushing
 v - a +0 spear
Armour
 a - a +0 robe (worn)
 w - a +0 cloak (worn)
Jewellery
 f - an amulet of regeneration (around neck)
 r - an uncursed amulet of rage
 t - a ring of wizardry (right hand)
 x - a ring of poison resistance (left hand)
Scrolls
 d - a scroll of blinking {unknown}
 e - a scroll of fear {unknown}
 m - 4 scrolls of remove curse
 n - 2 scrolls of enchant armour {unknown}
 p - 3 scrolls of amnesia
 q - 3 scrolls of teleportation {unknown}
Potions
 g - a potion of cancellation {unknown}
 h - 2 potions of magic {unknown}
 j - a potion of brilliance {unknown}
 k - 5 potions of mutation
 o - a potion of berserk rage {unknown}
 s - a potion of ambrosia {unknown}
 u - 2 potions of curing {unknown}
 z - 3 potions of flight {unknown}
 A - a potion of agility {unknown}
Comestibles
 b - 16 chunks of flesh
 c - 5 rations


   Skills:
 - Level 2.4 Dodging
 - Level 2.4 Stealth
 + Level 5.7 Spellcasting
 * Level 5.8 Conjurations
 * Level 6.6 Fire Magic


You had 4 spell levels left.
You knew the following spells:

 Your Spells              Type           Power        Failure   Level  Hunger
a - Flame Tongue          Conj/Fire      ####.        1%          1    None
b - Conjure Flame         Conj/Fire      ####....     1%          3    ##.....
c - Sticky Flame          Conj/Fire      ####....     2%          4    ####...
d - Fireball              Conj/Fire      ####......   9%          5    #####..

Your spell library contained the following spells:

 Spells                   Type           Power        Failure   Level  Hunger
 Throw Flame              Conj/Fire      ####..       1%          2    None
 Inner Flame              Hex/Fire       ###.....     2%          3    ##.....


Dungeon Overview and Level Annotations

Branches:
Dungeon (5/15)             Temple (1/1) D:4

Altars:
Ashenzari
Cheibriados
Dithmenos
Elyvilon
Fedhas
Gozag
Hepliaklqana
Kikubaaqudgha
Makhleb
Nemelex Xobeh
Okawaru
Qazlal
Ru
Sif Muna
Trog
Uskayaw
Vehumet
Wu Jian
Xom
Yredelemnul
Zin
The Shining One


Message History

Aiming: Flame Tongue (safe; 1% risk of failure)
Press: ? - help, Shift-Dir - straight line, f/p - orc wizard
Aim: an orc wizard, wielding a +0 dagger and wearing a +0 robe (almost dead)
The flame tongue hits the orc wizard!
You kill the orc wizard!
Vehumet accepts your kill.
The orc priest shouts!
You hear a shout!
The orc priest invokes the aid of Beogh against you.
Beogh smites you!
* * * LOW HITPOINT WARNING * * *
Casting: Flame Tongue (safe; 1% risk of failure)
Confirm with . or Enter, or press ? or * to list all spells.
Aiming: Flame Tongue (safe; 1% risk of failure)
Press: ? - help, Shift-Dir - straight line, f - orc priest
Aim: an orc priest, wielding a +0 dagger and wearing a cursed +0 leather armour The flame tongue hits the orc priest.
The orc priest is lightly wounded.
The orc priest invokes the aid of Beogh against you.
Beogh smites you!
You die...

#............
#.#####..........
o.
#....<...(.......
#.
.#####..........
..
##.##.(...........
#.
#..#.(##.#......##
#..
#.##.###.########
#o####>#.)# #..
#...##@#.## ####
#o÷).#.# #..#...#
...##....###
.........####
####........#
#......#......
#........# .....
....>..... ....


You could see an orc priest.

Vanquished Creatures
  3 ogres
  A centaur (D:5)
  2 howler monkeys
  2 orc wizards
  An orc priest (D:4)
  An iguana (D:4)
  2 worker ants
  7 adders
  3 gnolls (D:4)
  A worm (D:3)
  4 dart slugs (D:2)
  4 leopard geckos
  9 orcs
  A ball python (D:1)
  5 giant cockroaches
  9 goblins
  11 hobgoblins
  2 jackals
  3 kobolds
  2 quokkas
  7 bats
  7 frilled lizards
  9 rats
96 creatures vanquished.

Notes
Turn   | Place    | Note
-------+----------+-------------------------------------------
     0 | D:1      | Arthanis the Deep Elf Fire Elementalist began the quest for
                  | the Orb.
     0 | D:1      | Reached XP level 1. HP: 10/10 MP: 6/6
   204 | D:1      | Reached XP level 2. HP: 13/15 MP: 2/8
   638 | D:2      | Reached XP level 3. HP: 19/19 MP: 4/9
   736 | D:2      | Reached skill level 4 in Fire Magic
   736 | D:2      | Reached XP level 4. HP: 10/24 MP: 0/11
   741 | D:2      | Learned a level 3 spell: Conjure Flame
  1400 | D:2      | Learned a level 4 spell: Sticky Flame
  1678 | D:3      | Reached XP level 5. HP: 28/28 MP: 11/13
  1902 | D:3      | Reached skill level 5 in Fire Magic
  1920 | D:3      | Found an opulent altar of Gozag.
  2253 | D:4      | Found a hide-covered altar of Uskayaw.
  2421 | D:4      | Found a staircase to the Ecumenical Temple.
  2430 | Temple   | Entered the Ecumenical Temple
  2542 | Temple   | Became a worshipper of Vehumet
  2609 | D:4      | Reached XP level 6. HP: 30/32 MP: 10/14
  2620 | D:4      | Learned a level 5 spell: Fireball
  2750 | D:4      | Reached skill level 5 in Spellcasting
  2791 | D:4      | Reached skill level 5 in Conjurations
  2791 | D:4      | Reached skill level 6 in Fire Magic
  2791 | D:4      | Reached XP level 7. HP: 36/36 MP: 2/16
  2987 | D:5      | Entered Level 5 of the Dungeon
  3079 | D:5      | Killed from afar by an orc priest

Skill      XL: |  1  2  3  4  5  6 |
---------------+-------------------+-----
Conjurations   | 2 3 4 5 |  5.8
Fire Magic     | 4 5 6 |  6.6
Spellcasting   | 4 5 |  5.7
Dodging        | |  2.4
Stealth        | |  2.4

Action                   |  1- 3 |  4- 6 |  7- 9 || total
-------------------------+-------+-------+-------++-------
Melee: Dagger            |     2 |       |       ||     2
 Cast: Flame Tongue      |    61 |   132 |    26 ||   219
       Conjure Flame     |       |     2 |       ||     2
       Sticky Flame      |       |       |     1 ||     1
  Use: Scroll            |       |     4 |       ||     4
  Eat: Chunk             |       |     6 |     1 ||     7
Armor: Robe              |    11 |     7 |     2 ||    20
Dodge: Dodged            |    30 |    33 |     2 ||    65
